 Dungeon Crawl Stone Soup version 0.29-a0-994-gc5c9f59d18 (webtiles) character file.

Game seed: 2500509306571114177

14667 xian the Blocker (level 11, -9/86 HPs)
             Began as a Demonspawn Fighter on Aug 3, 2022.
             Was an Initiate of Gozag.
             Engulfed by a fire crab's flame (11 damage)
             ... in a Gauntlet.
             The game lasted 00:43:02 (10662 turns).

xian the Blocker (Demonspawn Fighter)              Turns: 10662, Time: 00:43:03

Health: -9/86      AC: 25    Str: 20    XL:     11   Next: 91%
Magic:  11/11      EV:  6    Int: 11    God:    Gozag
Gold:   1398       SH: 12    Dex: 12    Spells: 10/10 levels left

rFire   . . .      SeeInvis .   k - +7 spear (venom)
rCold   . . .      Faith    .   s - +1 kite shield
rNeg    . . .      Spirit   .   o - +1 plate armour "Kuame" {Regen+}
rPois   .          Reflect  .   F - +0 hat
rElec   .          Harm     .   (no cloak)
rCorr   .          Rampage  .   g - +2 pair of gloves
Will    .....      NoTele   +   r - +2 pair of boots
Stlth   ..........              f - amulet of the acrobat
HPRegen 1.04/turn               C - +4 ring of protection
MPRegen 0.24/turn               w - ring of flight

@: flying, invisible
A: antennae 2, hooves 2, magic regeneration, condensation shield, weakness
stinger 1
a: Renounce Religion, Potion Petition, Call Merchant, Bribe Branch


You were in a Gauntlet.
You worshipped Gozag.
Gozag was most pleased with you.
You visited 2 branches of the dungeon, and saw 12 of its levels.
You also visited: Gauntlet.

You collected 1630 gold pieces.
You spent 87 gold pieces at shops.
You paid 145 gold pieces to Gozag.

Inventory:

Hand Weapons
 k - a +7 spear of venom (weapon)
 z - a +2 shortbow of freezing
Missiles
 b - 5 throwing nets (quivered)
 D - 27 poisoned darts
Armour
 g - a +2 pair of gloves (worn)
 o - the +1 plate armour "Kuame" (worn) {Regen+}
   (You found it on level 3 of the Dungeon)

   Regen:     It increases your rate of health regeneration.
 q - a +2 robe of the Archmagi
 r - a +2 pair of boots (worn)
 s - a +1 kite shield (worn)
 t - the +0 hat of the Other Side {Contam Fly rC+ MP+9}
   (You found it in a Gauntlet)

   rC:        It protects you from cold.
   MP:        It affects your magic capacity (+9).
   Fly:       It grants you flight.
   Contam:    It causes magical contamination when unequipped.
 F - a +0 hat (worn)
Jewellery
 f - an amulet of the acrobat (around neck)
 h - a ring of wizardry
 w - a ring of flight (right hand)
 B - a ring of poison resistance
 C - a +4 ring of protection (left hand)
Wands
 a - a wand of quicksilver (8)
 v - a wand of iceblast (11)
 A - a wand of charming (9)
Scrolls
 d - a scroll of amnesia
 e - 4 scrolls of poison
 p - 2 scrolls of magic mapping
 y - 2 scrolls of teleportation
Potions
 i - 5 potions of brilliance
 j - a potion of mutation
 l - a potion of invisibility
 m - 6 potions of lignification
 n - a potion of cancellation
 u - 3 potions of curing
 E - 3 potions of ambrosia


   Skills:
 + Level 8.2 Fighting
 + Level 6.1(8.4) Axes
 + Level 9.0(9.9) Polearms
 + Level 0.1 Throwing
 + Level 8.7 Armour
 + Level 2.0 Dodging
 + Level 0.7 Stealth
 + Level 9.5 Shields
 + Level 1.2 Evocations


You had 10 spell levels left.
You didn't know any spells.
Your spell library contained the following spells:

 Spells                   Type           Power      Damage    Failure   Level
 Slow                     Hex            0%         N/A       100%        1
 Ensorcelled Hibernation  Hex/Ice        0%         N/A       100%        2
 Scorch                   Fire           0%         2d5       100%        2
 Static Discharge         Conj/Air       0%         3-3/arc   100%        2
 Confusing Touch          Hex            0%         N/A       100%        3
 Spider Form              Tmut/Pois      0%         N/A       100%        3
 Vampiric Draining        Necr           0%         2d6       100%        3
 Anguish                  Hex/Necr       0%         N/A       100%        4
 Dispel Undead            Necr           0%         3d6       100%        4
 Flame Wave               Conj/Fire      0%         2d4       100%        4
 Sticky Flame             Conj/Fire      0%         2d3       100%        4
 Summon Cactus Giant      Summ           0%         N/A       100%        6


Dungeon Overview and Level Annotations

Branches:
Dungeon (11/15)            Temple (1/1) D:5            Lair (0/5) D:9
Gauntlet (1/1)
    Orc: D:9-12

Altars:
Ashenzari
Cheibriados
Dithmenos
Fedhas
Gozag
Hepliaklqana
Kikubaaqudgha
Makhleb
Nemelex Xobeh
Okawaru
Qazlal
Ru
Sif Muna
Trog
Uskayaw
Vehumet
Wu Jian
Xom
Yredelemnul

Shops:
D:1 [   D:3 *   D:9 *

Annotations:
Gauntlet 7 transporters, exclusion: obsidian statue


Innate Abilities, Weirdness & Mutations

You have a pair of antennae on your head.
You have hoof-like feet.
You regenerate magic rapidly.
A meltable shield of frost defends you. (SH +0)
You have a small tail.


Message History

The fire bat barely misses you.
You hit the fire bat.
The fire bat looks as sick as possible!
The fire bat is heavily wounded.
You block the fire bat's attack.
You closely miss the fire bat.
The fire bat is severely wounded.
The fire bat bites you but does no damage.
The fire bat misses you.
The fire bat bites you but does no damage.
You see here a +0 chain mail.
The fire bat bites you but does no damage. x2
You see here the +0 hat of the Other Side {Contam Fly rC+ MP+9}.
t - the +0 hat of the Other Side {Contam Fly rC+ MP+9} The fire bat bites you but does no damage.
The fire crab breathes flames at you.
The blast of flame engulfs you but does no damage.
Aiming: Charm
Press: ? - help, Shift-Dir - straight line, f/p - fire crab
Aim: a fire crab (flame, heavily wounded, unable to see you, chance to affect: 34%)
The fire crab easily resists.
The fire bat bites you.
You are engulfed in flames!
The fire crab breathes flames at you. The blast of flame misses you.
Aiming: Charm
Press: ? - help, Shift-Dir - straight line, f/p - fire crab
Aim: a fire crab (flame, moderately wounded, unable to see you, chance to affect: 34%)
The fire crab easily resists.
The fire bat bites you but does no damage.
You block the fire bat's attack. The fire crab bites you.
You are engulfed in flames!
* * * LOW HITPOINT WARNING * * *
The fire crab claws you.
* * * LOW HITPOINT WARNING * * *
You are engulfed in flames!
* * * LOW HITPOINT WARNING * * *
Okay, then.
As you read the scroll of butterflies, it crumbles to dust.
You hear the tinkle of a tiny bell.
You die...
Your body crumbles into a pile of gold.

#######################
#§#≈#≈#§#≈#§#≈#≈#≈#≈#≈#
##.§....§...............
#≈.....§§...............
##..#########..#########
#≈..#b#b#^..#..###..##.#
##..##t@#.#.#..#..##..## #
#≈..#bbb#h#.####..#)##.# #.
##..####b^#.#©©#©#.©#.## ##..
#≈..#^.$^.#.####[#.#.#.#
....###..#.####..#..#.##..#.#
#....#..#...$...#..##..##.##
#...©#..#########..#########
##....#.∩....................
......#......................


You could see a fire crab (unable to see you, ally target), a hell hound and a
fire bat (very poisoned, ally target).

Vanquished Creatures
  Josephine (D:10)
  Erolcha (D:10)
  A catoblepas (Gauntlet)
  Pikel (D:7)
  3 gargoyles
  A kobold demonologist (D:11)
  An efreet (D:10)
  2 trolls
  2 hornets
  A raiju (Gauntlet)
  A vampire (D:9)
  7 wraiths
  3 fire bats (Gauntlet)
  2 wyverns
  10 yaks
  3 steam dragons
  Grum (D:10)
  4 acid dragons
  3 water moccasins
  7 black bears
  A sky beast (D:4)
  An ice beast (D:6)
  3 ogres
  4 wolves (D:10)
  5 centaurs
  4 phantoms
  4 kobold brigands
  5 bullfrogs
  2 necrophages (D:6)
  4 gnoll sergeants
  3 scorpions
  3 wights (D:10)
  17 killer bees
  5 electric eels (D:6)
  2 jellies (D:6)
  5 hounds
  2 orc priests
  6 iguanas
  6 orc wizards
  Terence (D:2)
  14 gnolls
  12 adders
  A shadow imp (D:6)
  3 white imps
  An ufetubus (D:7)
  A dart slug (D:1)
  30 orcs
  6 endoplasms
  5 goblins
  12 hobgoblins
  2 jackals (D:2)
  5 quokkas
  9 ball pythons
  6 bats
  4 frilled lizards
  19 kobolds
  5 rats
  2 butterflies (D:8)
275 creatures vanquished.

Vanquished Creatures (collateral kills)
  A fire bat (Gauntlet)
  A hell hound (Gauntlet)
2 creatures vanquished.

Vanquished Creatures (others)
  41 fungi
  58 plants
99 creatures vanquished.

Grand Total: 376 creatures vanquished

Notes
Turn   | Place    | Note
-------+----------+-------------------------------------------
     0 | D:1      | xian the Demonspawn Fighter began the quest for the Orb.
     0 | D:1      | Reached XP level 1. HP: 18/18 MP: 1/1
   129 | D:1      | Found Ympi's Armour Boutique.
   140 | D:1      | Discovered your monstrous ancestry.
   140 | D:1      | Gained mutation: You have large cloven feet. [demonic
                  | ancestry]
   140 | D:1      | Reached XP level 2. HP: 18/24 MP: 2/2
  1040 | D:2      | Gained mutation: You have a pair of small antennae on your
                  | head. [demonic ancestry]
  1040 | D:2      | Reached XP level 3. HP: 12/29 MP: 3/3
  1452 | D:2      | Found a faded altar of an unknown god.
  1491 | D:2      | Noticed Terence
  1498 | D:2      | Killed Terence
  1499 | D:2      | Gained mutation: You have hoof-like feet. [demonic
                  | ancestry]
  1499 | D:2      | Reached XP level 4. HP: 24/35 MP: 4/4
  2080 | D:3      | Found Tocher's Assorted Antiques.
  2105 | D:3      | Bought a blue potion for 24 gold pieces
  2105 | D:3      | Bought a sedimented sapphire potion for 24 gold pieces
  2105 | D:3      | Bought a scroll labelled GYSTRY SIEZXIF for 27 gold pieces
  2141 | D:3      | Found a broken altar of Ashenzari.
  2175 | D:3      | Found an iron altar of Okawaru.
  2714 | D:3      | Reached XP level 5. HP: 36/41 MP: 5/5
  2728 | D:3      | Identified the +1 plate armour "Kuame" {Regen+}
  3143 | D:4      | Reached skill level 1 in Dodging
  3193 | D:4      | Reached XP level 6. HP: 34/48 MP: 6/6
  3318 | D:4      | Found a hide-covered altar of Uskayaw.
  3708 | D:4      | Noticed a sky beast
  3747 | D:4      | Killed a sky beast
  3930 | D:4      | Reached XP level 7. HP: 52/54 MP: 7/7
  4053 | D:4      | Reached skill level 5 in Axes
  4070 | D:5      | Entered Level 5 of the Dungeon
  4171 | D:5      | Found a staircase to the Ecumenical Temple.
  4202 | Temple   | Entered the Ecumenical Temple
  4788 | D:5      | Reached skill level 5 in Armour
  4788 | D:5      | Gained mutation: A meltable shield of frost defends you.
                  | (SH +0) [demonic ancestry]
  4788 | D:5      | Reached XP level 8. HP: 29/61 MP: 8/8
  4891 | D:5      | Found a radiant altar of Vehumet.
  4913 | D:5      | Reached skill level 5 in Fighting
  5072 | D:6      | Reached skill level 1 in Polearms
  5670 | D:6      | Gained mutation: You have a pair of antennae on your head.
                  | [demonic ancestry]
  5670 | D:6      | Reached XP level 9. HP: 56/68 MP: 9/9
  6105 | D:6      | Reached skill level 5 in Polearms
  6292 | D:7      | Noticed Pikel
  6306 | D:7      | Killed Pikel
  6307 | D:7      | Reached skill level 5 in Shields
  6400 | D:7      | Found an opulent altar of Gozag.
  6479 | D:7      | Became a worshipper of Gozag Ym Sagoz the Greedy
  6827 | D:8      | Found a bloodstained altar of Trog.
  7080 | D:8      | Gained mutation: You have a small tail. [demonic ancestry]
  7080 | D:8      | Reached XP level 10. HP: 76/77 MP: 10/10
  7326 | D:8      | Found a shimmering altar of Xom.
  7357 | D:8      | Found an ornate altar of the Wu Jian Council.
  8302 | D:9      | Found a staircase to the Lair.
  8395 | D:9      | Gained mutation: You regenerate magic rapidly. [demonic
                  | ancestry]
  8395 | D:9      | Reached XP level 11. HP: 84/84 MP: 11/11
  8754 | D:9      | Found a burning altar of Makhleb.
  8835 | D:9      | Found Tunnudon's CLEARANCE SALE!.
  8844 | D:9      | Bought a scroll of identify for 12 gold pieces
  9025 | D:10     | Entered Level 10 of the Dungeon
  9415 | D:10     | Noticed Erolcha
  9448 | D:10     | Killed Erolcha
  9654 | D:10     | Noticed Josephine
  9668 | D:10     | Killed Josephine
  9803 | D:10     | Noticed Grum
  9813 | D:10     | Killed Grum
 10050 | D:11     | Found a gate leading to a gauntlet.
 10193 | D:11     | Reached skill level 1 in Evocations
 10236 | Gauntlet | Entered a Gauntlet
 10236 | Gauntlet | Found a transporter.
 10236 | Gauntlet | Found a transporter.
 10236 | Gauntlet | Found a transporter.
 10237 | Gauntlet | Found a transporter.
 10248 | Gauntlet | Found a transporter.
 10251 | Gauntlet | Found a transporter.
 10290 | Gauntlet | Found a transporter.
 10292 | Gauntlet | Found a transporter.
 10293 | Gauntlet | Found a transporter.
 10295 | Gauntlet | Found a transporter.
 10297 | Gauntlet | Noticed a fire crab
 10300 | Gauntlet | Noticed a catoblepas
 10303 | Gauntlet | Found a transporter.
 10314 | Gauntlet | Found a transporter.
 10332 | Gauntlet | Noticed an obsidian statue
 10552 | Gauntlet | Killed a catoblepas
 10658 | Gauntlet | Identified the +0 hat of the Other Side {Contam Fly rC+
                  | MP+9}
 10661 | Gauntlet | HP: 2/86 [fire crab (11)]
 10662 | Gauntlet | Engulfed by a fire crab's flame

Illustrated notes

Levels and vault maps discovered:
D:1:      onia_arrival_pyramid, layout_rooms, serial_shops,
          nicolae_shop_waterfront
D:2:      layout_rooms, dreamdust_ecumenical_altar_angels_and_demons,
          guppyfry_early_orc_mine, uniq_terence
D:3:      layout_basic, mainiacjoe_overflow_two_lobes, serial_shops,
          nicolae_shop_waterfront, grunt_ministairs_1
D:4:      cheibrodos_old_hovel, layout_gridville, marbit_many_paths
D:5:      layout_basic, nicolae_vehumet_radiance,
          minmay_temple_entry_stoned_glass
D:6:      layout_loops_cross, old_standard_altar, serial_bayou,
          serial_bayou_crossing, serial_bayou_ford_a, serial_bayou_pond_b,
          serial_bayou_lagoon_a, kennysheep_generic_room_9
D:7:      layout_rooms, nicolae_gozag_cash_rules_everything_around_me,
          uniq_pikel
D:8:      cheibrodos_elevator_heist, layout_cave_pods, trog_ov_bears_minmay,
          xom_butterflies, general_overflow_altar, chequers_arboretum
D:9:      layout_stronghold, mainiacjoe_overflow_alcove_2,
          due_lair_maze_entry_diamond, minmay_misc_feat_cross,
          small_statue_intersection, nicolae_shop_clearance
D:10:     layout_basic, mainiacjoe_overflow_small_starburst, uniq_josephine,
          uniq_erolcha, uniq_grum
D:11:     layout_cave_pools, gauntlet_entry_generic
Temple:   bh_familiar_temple
Gauntlet: minmay_gauntlet_mixed_big_or_small [gammafunk_gauntlet_arena_corners,
          minmay_gauntlet_arena_77_two_paths, nicolae_gauntlet_arena_x,
          minmay_gauntlet_arena_77_mess, gammafunk_gauntlet_arena_spirals,
          minmay_gauntlet_arena_77_radiant_squares, gauntlet_exit_watery]

Skill      XL: |  1  2  3  4  5  6  7  8  9 10 11 |
---------------+----------------------------------+-----
Axes           | 2 3 4 5 6 |  6.1
Armour         | 3 4 5 6 7 8 |  8.7
Dodging        | 1 2 |  2.0
Shields        | 3 4 5 7 9 |  9.5
Fighting       | 4 5 6 7 8 |  8.2
Polearms       | 4 6 7 9 |  9.0
Evocations     | 1 |  1.2
Throwing       | |  0.1
Stealth        | |  0.7

Action                   |  1- 3 |  4- 6 |  7- 9 | 10-12 || total
-------------------------+-------+-------+-------+-------++-------
Melee: War axe           |    99 |   177 |    56 |       ||   332
       Kick              |    15 |    17 |       |       ||    32
       Spear             |       |       |   336 |   639 ||   975
       Tailslap          |       |       |       |   103 ||   103
Throw: Throwing net      |       |       |     1 |       ||     1
Evoke: Wand              |       |     9 |     1 |     8 ||    18
  Use: Scroll            |     4 |     9 |     3 |    14 ||    30
       Potion            |     1 |     2 |     7 |     7 ||    17
 Stab: Distracted        |       |       |       |     1 ||     1
Armor: Scale mail        |    58 |    36 |       |       ||    94
       Plate armour      |       |    89 |   265 |   327 ||   681
Dodge: Dodged            |    47 |    84 |   149 |   151 ||   431
Block: Buckler           |    25 |    43 |    25 |       ||    93
       Kite shield       |       |       |   234 |   447 ||   681

Table legend: (Time is in decaauts)
 A = Elapsed time spent in this place.
 B = Non-inter-level travel time spent in this place.
 C = Inter-level travel time spent in this place.
 D = Time resting spent in this place.
 E = Time spent auto-exploring this place.
 F = Levels seen in this place.
 G = Mean time per level.
                   A        B        C        D        E       F      G
               +--------+--------+--------+--------+--------+-----+--------+
         Total |  10738 |  10405 |    333 |    170 |   6656 |  13 |  826.0 |
       Dungeon |  10099 |   9813 |    286 |    170 |   6475 |  11 |  918.1 |
        Temple |    233 |    186 |     47 |      0 |    181 |   1 |  233.0 |
      Gauntlet |    405 |    405 |      0 |      0 |      0 |   1 |  405.0 |
               +--------+--------+--------+--------+--------+-----+--------+

Top non-repeatable levels by time:
     D:9: 1162 daAuts
     D:6: 1162 daAuts
     D:2: 1155 daAuts
     D:8: 1142 daAuts
     D:3: 1088 daAuts
     D:4: 1031 daAuts
    D:10: 1004 daAuts
     D:1: 964 daAuts
     D:5: 713 daAuts
     D:7: 488 daAuts
Gauntlet: 405 daAuts
  Temple: 233 daAuts
    D:11: 183 daAuts
